 Seeded DCSS version 0.31.0-32-g396128a36d (webtiles) character file.

Game seed: 1873362769437039276 (custom seed)

30 Hellmel the Poker (level 3, 27/27 HPs)
             Began as a Demonspawn Gladiator on Apr 9, 2024.
             Quit the game on level 2 of the Dungeon.
             The game lasted 00:01:14 (1118 turns).

Hellmel the Poker (Demonspawn Gladiator)            Turns: 1118, Time: 00:01:15

Health: 27/27      AC:  4    Str: 16    XL:     3   Next: 3%
Magic:  3/3        EV: 12    Int:  8    God:
Gold:   117        SH:  0    Dex: 14    Spells: 2/2 levels left

rFire   . . .        a - +0 trident
rCold   . . .        (no shield)
rNeg    . . .        b - +0 leather armour
rPois   .            c - +0 helmet
rElec   .            (no cloak)
rCorr   .            (no gloves)
SInv    .            (no boots)
Will    .....        (no amulet)
Stlth   +            (no ring)
HPRegen 0.24/turn    (no ring)
MPRegen 0.08/turn

%: no passive effects
@: no status effects
A: claws 1, demonic guardian 1
a: no special abilities


You were on level 2 of the Dungeon.
You visited 1 branch of the dungeon, and saw 2 of its levels.

You collected 117 gold pieces.

Inventory:

Hand Weapons
 a - a +0 trident (weapon)
Missiles
 d - 3 throwing nets (quivered)
 e - a javelin
Armour
 b - a +0 leather armour (worn)
 c - a +0 helmet (worn)
Scrolls
 f - 2 scrolls of identify {unknown}
 g - 2 scrolls of teleportation {unknown}
Potions
 h - a potion of might {unknown}
 i - a potion of heal wounds {unknown}
 j - a potion of curing {unknown}
 k - a potion of ambrosia {unknown}


   Skills:
 + Level 2.3 Fighting
 + Level 3.2 Polearms
 + Level 1.9 Throwing
 + Level 0.2 Armour
 + Level 2.9 Dodging
 + Level 0.3 Stealth


You had 2 spell levels left.
You didn't know any spells.
Your spell library contained the following spells:

 Spells                   Type           Power      Damage    Failure   Level
 Gell's Gravitas          Tloc           0%         N/A       85%         3
 Teleport Other           Tloc           0%         N/A       85%         3
 Dispersal                Tloc           0%         N/A       100%        6


Dungeon Overview and Level Annotations

Branches:
Dungeon (2/15)

Altars:

Shops:
D:2 (


Innate Abilities, Weirdness & Mutations

You have sharp fingernails.
A weak demonic guardian rushes to your aid.


Message History

You open the door.
There is an open door here.
You now have 90 gold pieces (gained 5).
You open the door.
Found a stone staircase leading down.
A hobgoblin comes into view.
Found a flail.
The hobgoblin shouts!
The hobgoblin throws a stone.
The stone misses you.
There is an open door here.
A hobgoblin is nearby!
A hobgoblin is nearby!
The hobgoblin throws a stone.
The stone hits you but does no damage.
The hobgoblin throws a stone.
The stone misses you.
The hobgoblin throws a stone.
The stone closely misses you.
A ball python comes into view.
The ball python hisses angrily.
You reach to attack!
You completely miss the hobgoblin. You barely miss the hobgoblin.
The hobgoblin barely misses you.
You hit the hobgoblin but do no damage. The hobgoblin closely misses you.
The hobgoblin barely misses you.
You hit the ball python.
You kill the ball python!
The hobgoblin barely misses you.
You have reached level 3!
Your experience leads to an increase in your attributes!
Increase (S)trength, (I)ntelligence, or (D)exterity?
You feel stronger. x2; Your demonic ancestry asserts itself...
You feel the presence of a demonic guardian.
You hit the hobgoblin.
You kill the hobgoblin!
No target in view!
No target in view!
No target in view!
You now have 117 gold pieces (gained 27).
You see here 4 stones.
Found Xoklem's Weapon Boutique.
k - a ruby potion
There is an entrance to Xoklem's Weapon Boutique here.
Are you sure you want to abandon this character and quit the game? (Confirm with "yes".)

### #####
###@##......
#...........
#.##........ #
#.##........
+.##...........
###
#...............
.'#
####............
###
####............
.'#####
##.#####.........


There were no monsters in sight!

Vanquished Creatures
  2 dart slugs
  A ribbon worm (D:2)
  4 bats (D:1)
  An endoplasm (D:1)
  2 goblins
  A hobgoblin (D:2)
  2 kobolds (D:1)
  A quokka (D:1)
  A ball python (D:2)
  8 frilled lizards (D:1)
  3 rats (D:1)
26 creatures vanquished.

Notes
Turn   | Place    | Note
-------+----------+-------------------------------------------
     0 | D:1      | Hellmel the Demonspawn Gladiator began the quest for the
                  | Orb.
     0 | D:1      | Reached XP level 1. HP: 16/16 MP: 1/1
   245 | D:1      | Gained mutation: You have sharp fingernails. [demonic
                  | ancestry]
   245 | D:1      | Reached XP level 2. HP: 22/22 MP: 2/2
   444 | D:1      | Reached skill level 3 in Polearms
  1101 | D:2      | Gained mutation: A weak demonic guardian rushes to your
                  | aid. [demonic ancestry]
  1101 | D:2      | Reached XP level 3. HP: 27/27 MP: 3/3
  1108 | D:2      | Found Xoklem's Weapon Boutique.
  1118 | D:2      | Quit the game

Illustrated notes

Levels and vault maps discovered:
D:1:      dpeg_arrival_rhombi, layout_loops_ring, minmay_misc_feat_nine_boxes,
          minmay_lizard_king
D:2:      layout_basic, serial_shops, nicolae_shop_just_a_little_nook,
          hellmonk_ecumenical_altar_inner_sanctum, dk_vineyard_1,
          hangedman_decor_lopped

Skill      XL: |  1  2 |
---------------+-------+-----
Polearms       | 3 |  3.2
Fighting       | |  2.3
Throwing       | |  1.9
Armour         | |  0.2
Dodging        | |  2.9
Stealth        | |  0.3

Action                     || total
---------------------------++-------
  Melee: Trident           ||    78
   Stab: Sleeping          ||     1
 Armour: Leather armour    ||    32
  Dodge: Dodged            ||    40
